 Dungeon Sprint DCSS version 0.27.1-33-g824d729ab1 (webtiles) character file.

Game seed: 12866780355810609215

110 Hipnos the Covert (level 4, -1/21 HPs)
             Began as a Spriggan Enchanter on Nov 26, 2021.
             Slain by Sigmund (6 damage)
             ... in the Dungeon (Sprint I: "Red Sonja").
             The game lasted 00:00:39 (118 turns).

Hipnos the Covert (Spriggan Enchanter)               Turns: 118, Time: 00:00:39

Health: -1/21      AC:  2    Str:  5    XL:     4   Next: 61%
Magic:  11/11      EV: 18    Int: 16    God:
Gold:   54         SH:  0    Dex: 15    Spells: 11/12 levels left

rFire    . . .     SeeInvis +   a - +1 dagger
rCold    . . .     Faith    .   (shield restricted)
rNeg     . . .     Spirit   .   b - +0 robe
rPois    .         Reflect  .   (helmet restricted)
rElec    .         Harm     .   (no cloak)
rCorr    .         Rampage  .   (gloves unavailable)
Will     .....     NoTele   +   (boots unavailable)
Stlth    +++++.....             (no amulet)
HPRegen  0.07/turn              (no ring)
MPRegen  0.12/turn              (no ring)

@: very quick
A: very small, no large weapons, unfitting armour, see invisible, speed 3
a: no special abilities


You were in the Dungeon.
You visited 1 branch You collected 54 gold pieces.

Inventory:

Hand Weapons
 a - a +1 dagger (weapon)
Armour
 b - a +0 robe (worn)
Wands
 g - a wand of digging (7)
Scrolls
 h - a scroll of blinking
Potions
 c - a potion of curing
 d - a potion of heal wounds
 e - a potion of haste
 f - 2 potions of magic


   Skills:
 + Level 0.1 Fighting
 + Level 1.7 Short Blades
 + Level 4.4 Dodging
 * Level 10.6 Stealth
 + Level 4.5 Spellcasting
 + Level 7.1 Hexes


You had 11 spell levels left.
You knew the following spells:

 Your Spells              Type           Power      Damage    Failure   Level
a - Corona                Hex            28%        N/A       1%          1

Your spell library contained the following spells:

 Spells                   Type           Power      Damage    Failure   Level
 Confusing Touch          Hex            26%        N/A       2%          3
 Tukima's Dance           Hex            26%        N/A       2%          3
 Ensorcelled Hibernation  Hex/Ice        30%        N/A       5%          2
 Dazzling Flash           Conj/Hex       30%        N/A       11%         3


Dungeon Overview and Level Annotations

Branches:
Dungeon (1/1)

Altars:

Annotations:
D Sigmund


Innate Abilities, Weirdness & Mutations

You are very small and have problems with some larger weapons.
You are too small for most types of armour.
You have supernaturally acute eyesight. (SInv)
You cover ground extremely quickly. (Speed+++)


Message History

You closely miss Sigmund. Sigmund misses you.
You hit Sigmund but do no damage. Sigmund gestures at you while chanting.
The magic dart hits you!
You hit Sigmund but do no damage. You barely miss Sigmund. Sigmund misses you.
You closely miss Sigmund. Sigmund misses you.
You hit Sigmund.
Sigmund is lightly wounded.
You barely miss Sigmund.
Sigmund is lightly wounded.
Sigmund mumbles some strange words.
Sigmund flickers and vanishes for a moment.
You barely miss Sigmund.
Sigmund is lightly wounded.
Sigmund points at you and mumbles some strange words.
The magic dart hits you!
* * * LOW HITPOINT WARNING * * *
You hit Sigmund but do no damage.
Sigmund is lightly wounded.
Sigmund barely misses you.
You barely miss Sigmund.
Sigmund is lightly wounded.
You hit Sigmund but do no damage.
Sigmund is lightly wounded.
Sigmund misses you.
You hit Sigmund.
Sigmund is lightly wounded.
Sigmund misses you.
You hit Sigmund.
Sigmund is lightly wounded.
You hit Sigmund but do no damage.
Sigmund is lightly wounded.
Sigmund closely misses you.
You closely miss Sigmund.
Sigmund is lightly wounded.
You closely miss Sigmund.
Sigmund is lightly wounded.
Sigmund hits you with a +0 scythe.
You die...

#############
#<.#.)'..#.@+
#..'..#.)'@.#
#..#####'####
#..# #..#
#..# ####
#..# #⌠⌠#
####


You could see Sigmund (invisible).

Vanquished Creatures
  An ogre (D)
  Ijyb (D)
2 creatures vanquished.

Notes
Turn   | Place    | Note
-------+----------+-------------------------------------------
     0 | D        | Hipnos the Spriggan Enchanter began the quest for the Orb.
     0 | D        | Reached XP level 1. HP: 9/9 MP: 5/5
     1 | D        | Noticed Ijyb
    13 | D        | Killed Ijyb
    14 | D        | Reached skill level 7 in Stealth
    14 | D        | Reached skill level 5 in Hexes
    14 | D        | Reached XP level 2. HP: 13/13 MP: 5/7
    67 | D        | Noticed an ogre
    71 | D        | Killed an ogre
    72 | D        | Reached skill level 10 in Stealth
    72 | D        | Reached XP level 3. HP: 16/16 MP: 8/10
    72 | D        | Reached XP level 4. HP: 21/21 MP: 8/11
   100 | D        | Noticed Sigmund
   118 | D        | Slain by Sigmund

Illustrated notes

Levels and vault maps discovered:
D:        dungeon_sprint_1 [red_sonja_temple_1, red_sonja_temple_small_1]

Skill      XL: |  1  2 |
---------------+-------+-----
Dodging        | 3 4 |  4.4
Stealth        | 7 10 | 10.6
Spellcasting   | 3 4 |  4.5
Hexes          | 5 7 |  7.1
Fighting       | |  0.1
Short Blades   | |  1.7

Action                   |  1- 3 |  4- 6 || total
-------------------------+-------+-------++-------
Melee: Dagger            |    11 |    16 ||    27
  Use: Potion            |     1 |       ||     1
 Stab: Sleeping          |     1 |       ||     1
Dodge: Dodged            |     7 |     7 ||    14
